 Dungeon Crawl Stone Soup version 0.30-a0-311-gf115ab0292 (webtiles) character file.

Game seed: 10360603667207917340

291 koil the Shooter (level 6, 0/32 HPs)
             Began as a Spriggan Hunter on Oct 26, 2022.
             Killed from afar by a white imp (12 damage)
             ... with a puff of frost
             ... on level 4 of the Dungeon.
             The game lasted 00:06:53 (2084 turns).

koil the Shooter (Spriggan Hunter)                  Turns: 2084, Time: 00:06:57

Health: 0/32       AC:  2    Str:  7    XL:     6   Next: 10%
Magic:  11/11      EV: 20    Int: 16    God:
Gold:   206        SH:  0    Dex: 21    Spells: 6/10 levels left

rFire   . . .      SeeInvis +    a - +0 shortbow
rCold   . . .      Faith    .    (shield currently unavailable)
rNeg    . . .      Spirit   .    c - +0 robe
rPois   .          Reflect  .    (helmet restricted)
rElec   .          Harm     .    (no cloak)
rCorr   .          Rampage  .    (gloves unavailable)
Will    +....                    (boots unavailable)
Stlth   +++.......               (no amulet)
HPRegen 0.25/turn                v - +6 ring of intelligence
MPRegen 0.12/turn                (no ring)

@: very quick
A: very small, no large weapons, unfitting armour, see invisible, speed 3
a: no special abilities


You were on level 4 of the Dungeon.
You visited 1 branch of the dungeon, and saw 4 of its levels.

You collected 206 gold pieces.

Inventory:

Hand Weapons
 a - a +0 shortbow (weapon)
 b - a +0 dagger
 p - a +0 club of chaos
 q - a +1 dagger of chaos
 r - a +2 dagger of chaos
 t - a +1 spear of chaos
 z - the +5 flail of Quoweut {pain, rF+}
   (You found it on level 4 of the Dungeon)

   In the hands of one skilled in necromantic magic, it inflicts extra damage on
   living creatures.
   rF:        It protects you from fire.
Missiles
 o - 4 poisoned darts
Armour
 c - a +0 robe (worn)
Jewellery
 v - a +6 ring of intelligence (left hand)
Wands
 h - a wand of mindburst (15)
Scrolls
 d - 2 scrolls of enchant armour {unknown}
 f - 2 scrolls of immolation
 i - 4 scrolls of identify {unknown}
 j - a scroll of teleportation {unknown}
 k - a scroll of acquirement {unknown}
 l - 2 scrolls of poison {unknown}
 n - a scroll of fog {unknown}
 w - a scroll of noise {unknown}
 y - a scroll of enchant weapon {unknown}
Potions
 e - a potion of brilliance {unknown}
 g - 2 potions of degeneration {unknown}
 m - a potion of magic {unknown}
 s - a potion of cancellation {unknown}
 u - a potion of heal wounds {unknown}
 x - a potion of curing {unknown}


   Skills:
 + Level 2.7 Fighting
 + Level 4.8 Ranged Weapons
 + Level 4.3 Dodging
 + Level 4.2 Stealth
 + Level 2.7 Spellcasting
 + Level 1.1 Poison Magic


You had 6 spell levels left.
You knew the following spells:

 Your Spells              Type           Power      Damage    Failure   Level
a - Olgreb's Toxic Radia  Pois           6%         N/A       75%         4

Your spell library contained the following spells:

 Spells                   Type           Power      Damage    Failure   Level
 Sting                    Tmut/Pois      16%        1d3       16%         1
 Apportation              Tloc           4%         N/A       19%         1
 Poisonous Vapours        Pois/Air       8%         N/A       22%         2
 Alistair's Intoxication  Tmut/Pois      2%         N/A       99%         5


Dungeon Overview and Level Annotations

Branches:
Dungeon (4/15)
 Temple: D:4-7

Altars:
Xom


Innate Abilities, Weirdness & Mutations

You are very small and have problems with some larger weapons.
You are too small for most types of armour.
You have supernaturally acute eyesight. (SInv)
You cover ground extremely quickly. (Speed+++)


Message History

There is a stone staircase leading down here.
A shadow imp comes into view.
Your line of fire to the shadow imp is blocked by a demonic plant.
A white imp comes into view.
You see here the +5 flail of Quoweut {pain, rF+}.
z - the +5 flail of Quoweut {pain, rF+} You shoot an arrow.
The arrow hits the shadow imp!
The shadow imp is severely wounded.
The white imp shouts, "Get thee gone, thou villainous dread-bolted gonus!"
A white imp comes into view.
You shoot an arrow. The white imp shouts!
The arrow hits the shadow imp.
You kill the shadow imp!
The white imp shouts, "Submit, thou errant fob-snatching dewberry!"
You shoot an arrow. The arrow barely misses the white imp.
You shoot an arrow.
The arrow hits the white imp but does no damage.
You shoot an arrow. The arrow barely misses the white imp.
You shoot an arrow. The arrow hits the white imp.
The white imp is heavily wounded.
The white imp grinds its teeth.
The white imp hits you. The white imp freezes you.
You shoot an arrow.
The arrow hits the white imp but does no damage.
The white imp is heavily wounded.
The white imp hits you. The white imp freezes you.
You shoot an arrow. The arrow barely misses the white imp.
The arrow hits the white imp!
The white imp is almost dead.
The white imp puffs mist at you. The white imp misses you.
You shoot an arrow. The arrow closely misses the white imp.
The white imp completely misses you. The white imp hits you.
The white imp freezes you. The white imp gestures at you.
The puff of frost hits you! The white imp gestures at you.
The puff of frost hits you!
You die...

)..#...#.##..##
........(##...#
...#..........##
#..####........##
#... ...........#
................###
.....#...#####.>#.##
###.##### #..5#..# .
# ##.5@..# .
#...#..## ..
......##.# #.
P.P..###### .♣♣..
.... P..


You could see 2 white imps.

Vanquished Creatures
  An ice beast (D:4)
  A hound (D:4)
  4 gnolls (D:3)
  3 adders
  A shadow imp (D:4)
  A white imp (D:4)
  An ufetubus (D:4)
  A worm (D:3)
  3 dart slugs
  5 orcs
  6 ball pythons
  6 endoplasms
  5 giant cockroaches
  6 goblins
  A hobgoblin (D:3)
  6 jackals
  6 kobolds
  7 quokkas
  7 bats
  6 frilled lizards
  A rat (D:1)
78 creatures vanquished.

Notes
Turn   | Place    | Note
-------+----------+-------------------------------------------
     0 | D:1      | koil the Spriggan Hunter began the quest for the Orb.
     0 | D:1      | Reached XP level 1. HP: 10/10 MP: 2/2
   160 | D:1      | Reached XP level 2. HP: 15/15 MP: 3/3
   299 | D:1      | Reached skill level 1 in Spellcasting
   352 | D:1      | Reached XP level 3. HP: 12/18 MP: 5/5
  1229 | D:2      | Reached XP level 4. HP: 23/23 MP: 7/7
  1264 | D:3      | Found a faded altar of an unknown god.
  1572 | D:3      | Found a shimmering altar of Xom.
  1660 | D:3      | Reached XP level 5. HP: 27/27 MP: 9/9
  1692 | D:3      | Learned a level 4 spell: Olgreb's Toxic Radiance
  1966 | D:4      | Noticed an ice beast
  1994 | D:4      | Killed an ice beast
  1995 | D:4      | Reached skill level 1 in Poison Magic
  1995 | D:4      | Reached XP level 6. HP: 32/32 MP: 9/11
  2073 | D:4      | Identified the +5 flail of Quoweut {pain, rF+}
  2084 | D:4      | Killed from afar by a white imp

Illustrated notes

Levels and vault maps discovered:
D:1:      matt_arrival_diagonals, layout_loops_ring, minmay_circled_x
D:2:      layout_rooms, chequers_serial_rivers_large_b, grunt_decor_clamped
D:3:      layout_basic, tgw_xom, nicolae_ecumenical_oubliette,
          kennysheep_generic_room_5
D:4:      layout_cave_pools, mainiacjoe_overflow_surrounded_room,
          serial_demonic, serial_demonic_e, serial_demonic_e, serial_demonic_g,
          serial_demonic_f

Skill      XL: |  1  2  3  4  5 |
---------------+----------------+-----
Stealth        | 2 3 4 |  4.2
Dodging        | 3 4 |  4.3
Spellcasting   | 1 2 |  2.7
Fighting       | 2 |  2.7
Poison Magic   | 1 |  1.1
Ranged Weapons | |  4.8

Action                   |  1- 3 |  4- 6 || total
-------------------------+-------+-------++-------
 Fire: Shortbow          |   114 |    90 ||   204
Armor: Robe              |     9 |     2 ||    11
Dodge: Dodged            |    49 |    23 ||    72

Table legend: (Time is in decaauts)
 A = Elapsed time spent in this place.
 B = Non-inter-level travel time spent in this place.
 C = Inter-level travel time spent in this place.
 D = Time resting spent in this place.
 E = Time spent auto-exploring this place.
 F = Levels seen in this place.
 G = Mean time per level.
                   A        B        C        D        E       F      G
               +--------+--------+--------+--------+--------+-----+--------+
         Total |   1480 |   1447 |     33 |      0 |   1009 |   4 |  370.0 |
       Dungeon |   1480 |   1447 |     33 |      0 |   1009 |   4 |  370.0 |
               +--------+--------+--------+--------+--------+-----+--------+

Top non-repeatable levels by time:
     D:1: 558 daAuts
     D:3: 423 daAuts
     D:2: 332 daAuts
     D:4: 165 daAuts
